 Dungeon Crawl Stone Soup version 0.28.0-45-g0d030f2227 (webtiles) character file.

Game seed: 4127984492162001397

77 zeratav the Caller (level 4, 0/24 HPs)
             Began as a Tengu Summoner on Apr 14, 2022.
             Slain by a gnoll
             ... wielding a +0 whip
              (2 damage)
             ... on level 2 of the Dungeon.
             The game lasted 00:05:15 (1494 turns).

zeratav the Caller (Tengu Summoner)                 Turns: 1494, Time: 00:05:16

Health: 0/24       AC:  3    Str:  8    XL:     4   Next: 33%
Magic:  9/9        EV: 12    Int: 18    God:
Gold:   25         SH:  0    Dex: 14    Spells: 4/8 levels left

rFire   . . .      SeeInvis .   i - +0 spear {polearm}
rCold   . . .      Faith    .   (no shield)
rNeg    . . .      Spirit   .   a - +0 robe
rPois   .          Reflect  .   (helmet restricted)
rElec   .          Harm     .   (no cloak)
rCorr   .          Rampage  .   f - +0 pair of gloves
Will    .....                   (boots unavailable)
Stlth   ++........              c - amulet of magic regeneration {@e2}
HPRegen 0.08/turn               (no ring)
MPRegen 0.51/turn               (no ring)

@: no status effects
A: beak, talons 3
a: no special abilities


You were on level 2 of the Dungeon.
You visited 1 branch of the dungeon, and saw 2 of its levels.

You collected 25 gold pieces.


Innate Abilities, Weirdness & Mutations

You have a beak for a mouth.
You have claws for feet.


   Skills:
 + Level 0.4 Polearms
 - Level 2.1 Dodging
 - Level 2.0 Stealth
 + Level 2.7 Spellcasting
 * Level 6.2 Summonings


You had 4 spell levels left.
You knew the following spells:

 Your Spells              Type           Power      Damage    Failure   Level
a - Summon Small Mammal   Summ           100%       N/A       1%          1
b - Call Canine Familiar  Summ           25%        N/A       3%          3

Your spell library contained the following spells:

 Spells                   Type           Power      Damage    Failure   Level
 Call Imp                 Summ           25%        N/A       1%          2
 Summon Guardian Golem    Hex/Summ       13%        N/A       14%         3
 Foxfire                  Conj/Fire      8%         2x1d4     17%         1
 Summon Lightning Spire   Summ/Air       13%        N/A       43%         4
 Conjure Flame            Conj/Fire      2%         6-21      45%         3
 Gell's Gravitas          Tloc           2%         N/A       45%         3
 Inner Flame              Hex/Fire       2%         N/A       45%         3
 Lesser Beckoning         Tloc           2%         N/A       45%         3
 Teleport Other           Tloc           2%         N/A       45%         3
 Flame Wave               Conj/Fire      2%         2d4       86%         4

Inventory:

Hand Weapons
 i - a +0 spear (weapon) {polearm}
   (You found it on level 1 of the Dungeon)
Armour
 a - a +0 robe (worn)
 f - a +0 pair of gloves (worn)
   (You found it on level 1 of the Dungeon)
Jewellery
 c - an amulet of magic regeneration (around neck) {@e2}
   (You found it on level 1 of the Dungeon)
Scrolls
 e - a scroll of vulnerability {unknown}
 g - a scroll of teleportation {unknown}
 h - a scroll of enchant armour {unknown}
Potions
 b - a potion of heal wounds {unknown}

Dungeon Overview and Level Annotations

Branches:
Dungeon (2/15)

Altars:

Shops:
D:2

=( #.# #.# # #.#
#.# #
##.##########.# #
#..........##.# #
#..#######.##.# #
#..# ##.##.###
##..######...#.##.
#..∩#.r.r.h.......
#@.##.####...#.##.
#.g##.#####.##.###
#..r........#..# #
#.###.##.####.## #
#.# #.#. .# #( #
#.. ... .##. # ###
#.#. ##. # #.##.
#.# .#


You could see a gnoll (ally target) and a friendly rat (summoned).


Message History

The frilled lizard bites your hound.
Your hound disappears in a puff of smoke!
You hit the frilled lizard.
You kill the frilled lizard!
No target in view! 3 gnolls come into view.
Casting: Call Canine Familiar (quite dangerous; 4% risk of failure)
Confirm with . or Enter, or press ? or * to list all spells.
The spell is quite dangerous to miscast (4% risk of failure)!
Continue anyway?
The gnoll shouts!
MP[-3]
You lost 3 mp, and now have 5/8 mp.
MP[+1]
What are your orders? t - Shout!
Orders for allies: a - Attack new target. r - Retreat! s - Stop attacking. g - Guard the area. f - Follow me.
Anything else - Cancel.
Gang up on whom?
Press: ? - help, Dir - move target, f - gnoll
Aim: a gnoll, wielding a +0 spear Attack!
MP[+1]
Your hound closely misses the gnoll.
Your hound bites the gnoll.
The gnoll hits you from afar with a +0 spear.
HP[-3]
You take 3 damage, and now have 16/19 hp.
Your hound bites the gnoll.
The gnoll closely misses you.
MP[+1]
Your mp is fully restored (8).
Reach: i) +0 spear {polearm}
Press: ? - help, Dir - move target, f/p - gnoll
Aim: a gnoll, wielding a +0 spear (lightly wounded, ally target, about 36% to evade your +0 spear)
You reach to attack!
You closely miss the gnoll.
Your hound bites the gnoll. x2
The gnoll hits you but does no damage.
HP[+1] Reach: i) +0 spear {polearm}
Press: ? - help, Dir - move target, f/p - gnoll
Aim: a gnoll, wielding a +0 spear (severely wounded, ally target, about 36% to evade your +0 spear)
You reach to attack!
You closely miss the gnoll.
Your hound bites the gnoll.
The gnoll dies!
You have reached level 4!
You feel clever.
HP[+4] MP[+1]
You now have 24 max hp (+5).
You regained 4 hp, and now have 21/24 hp.
Your mp is fully restored (9).
Reach: i) +0 spear {polearm}
Press: ? - help, Dir - move target, f - gnoll
Aim: a gnoll, wielding a +0 spear (about 36% to evade your +0 spear)
You reach to attack!
You barely miss the gnoll.
Your hound bites the gnoll. x2
The gnoll hits you from afar with a +0 spear.
HP[-4]
You take 4 damage, and now have 17/24 hp.
Reach: i) +0 spear {polearm}
Press: ? - help, Dir - move target, f/p - gnoll
Aim: a gnoll, wielding a +0 spear (heavily wounded, ally target, about 36% to evade your +0 spear)
You reach to attack!
You hit the gnoll but do no damage.
Your hound bites the gnoll.
Your hound barely misses the gnoll.
The gnoll hits you from afar with a +0 spear.
HP[-4]
You take 4 damage, and now have 13/24 hp.
Reach: i) +0 spear {polearm}
Press: ? - help, Dir - move target, f/p - gnoll
Aim: a gnoll, wielding a +0 spear (severely wounded, ally target, about 36% to evade your +0 spear)
You reach to attack!
You hit the gnoll.
Your hound closely misses the gnoll.
The gnoll hits you from afar with a +0 spear.
* * * LOW HITPOINT WARNING * * *
HP[-4]
You take 4 damage, and now have 9/24 hp.
Your hound bites the gnoll.
Your hound closely misses the gnoll.
Your hound bites the gnoll.
The gnoll dies!
HP[+1]
Your hound barely misses the gnoll.
Reach: i) +0 spear {polearm}
Press: ? - help, Dir - move target, f - gnoll
Aim: a gnoll, wielding a +0 whip (ally target, about 36% to evade your +0 spear)
You reach to attack!
You hit the gnoll but do no damage.
Your hound closely misses the gnoll.
Your hound barely misses the gnoll.
Casting: Call Canine Familiar (quite dangerous; 3% risk of failure)
Confirm with . or Enter, or press ? or * to list all spells.
The gnoll hits you with a +0 whip!
* * * LOW HITPOINT WARNING * * *
HP[-9] MP[-1]
You take 9 damage, and now have 1/24 hp.
MASSIVE DAMAGE!! (PAUSE)
You lost 1 mp, and now have 8/9 mp.
Your hound barely misses the gnoll. x2
MP[+1]
Your mp is fully restored (9).
There is an escape hatch in the ceiling, spattered with blood here.
You see here an adder corpse.
Your hound closely misses the gnoll.
Your rat barely misses the gnoll.
HP[+1]
The gnoll hits you with a +0 whip.
You die...

Skill      XL: |  1  2  3 |
---------------+----------+-----
Summonings     | 5 6 |  6.2
Polearms       | |  0.4
Dodging        | |  2.1
Stealth        | |  2.0
Spellcasting   | |  2.7

Action                   |  1- 3 |  4- 6 || total
-------------------------+-------+-------++-------
Melee: Whip              |     3 |       ||     3
       Unarmed           |     3 |       ||     3
       Kick              |     2 |       ||     2
       Spear             |    19 |     4 ||    23
 Cast: Summon Small Mamm |    34 |     1 ||    35
       Call Canine Famil |     9 |       ||     9
Armor: Robe              |     6 |       ||     6
Dodge: Dodged            |    13 |       ||    13

Levels and vault maps discovered:
D:1:      tarquinn_simple_flora_water_a, layout_loops_cross,
          basic_ecumenical_altar, chequers_decorated_corner
D:2:      layout_loops_ring, serial_shops, shop_fountains, shop, shop,
          nicolae_lakefront_shop

Notes
Turn   | Place    | Note
-------+----------+-------------------------------------------
     0 | D:1      | zeratav the Tengu Summoner began the quest for the Orb.
     0 | D:1      | Reached XP level 1. HP: 10/10 MP: 4/4
     0 | D:1      | magus.rc [v1.9.6]
    91 | D:1      | Reached skill level 5 in Summonings
   154 | D:1      | Reached XP level 2. HP: 15/15 MP: 6/6
   768 | D:1      | Reached XP level 3. HP: 19/19 MP: 7/7
   772 | D:1      | Learned a level 3 spell: Call Canine Familiar
   776 | D:1      | Found a faded altar of an unknown god.
   837 | D:1      | You pick up a book of Flames and begin reading...
   837 | D:1      | You add the spells Foxfire, Conjure Flame, Inner Flame and
                  | Flame Wave to your library.
  1327 | D:2      | You pick up a book of Displacement and begin reading...
  1327 | D:2      | You add the spells Lesser Beckoning, Gell's Gravitas and
                  | Teleport Other to your library.
  1361 | D:2      | Found Josioriwn's Weapon Boutique.
  1411 | D:2      | Found Ixapuofu's Jewellery Boutique.
  1441 | D:2      | Reached skill level 6 in Summonings
  1471 | D:2      | Reached XP level 4. HP: 21/24 MP: 9/9
  1481 | D:2      | HP: 1/24 [gnoll/+0 whip (9)]
  1494 | D:2      | Slain by a gnoll

Vanquished Creatures
  A ball python (D:1)
  A giant cockroach (D:1)
  A hobgoblin (D:2)
  A kobold (D:1)
  2 bats (D:1)
  A frilled lizard (D:2)
7 creatures vanquished.

Vanquished Creatures (collateral kills)
  2 gnolls (D:2)
  An adder (D:2)
  A worm (D:2)
  2 dart slugs (D:1)
  A ball python (D:2)
  4 bats
  4 endoplasms (D:1)
  A giant cockroach (D:1)
  2 hobgoblins
  3 jackals (D:1)
  6 kobolds (D:1)
  A quokka (D:1)
  A frilled lizard (D:1)
  A rat (D:1)
30 creatures vanquished.

Grand Total: 37 creatures vanquished

Table legend:
 A = Non-vault XP
 B = Vault XP
 C = Vault XP percentage of total XP
 D = Non-vault monster count
 E = Vault monster count
 F = Vault count percentage of total count
                 A         B        C        D         E       F
            +---------+---------+-------+---------+---------+-------
      Total |     110 |       0 |   0.0 |      37 |       0 |   0.0
            +---------+---------+-------+---------+---------+-------
        D:1 |      54 |       0 |   0.0 |      28 |       0 |   0.0
        D:2 |      56 |       0 |   0.0 |       9 |       0 |   0.0
            +---------+---------+-------+---------+---------+-------

Illustrated notes

Table legend:
 A = Kills in this place as a percentage of kills in entire the game.
 B = Kills by you in this place as a percentage of kills by you in the entire game.
 C = Kills by friends in this place as a percentage of kills by friends in the entire game.
 D = Other kills in this place as a percentage of other kills in the entire game.
 E = Experience gained in this place as a percentage of experience gained in the entire game.
 F = Experience gained in this place divided by the number of levels of this place that you have seen.
                   A       B       C       D       E      F
               +-------+-------+-------+-------+-------+----------------------
         Total | 100.0 | 100.0 | 100.0 |   N/A | 100.0 |  55.0
       Dungeon | 100.0 | 100.0 | 100.0 |   N/A | 100.0 |  55.0
               +-------+-------+-------+-------+-------+----------------------

Table legend: (Time is in decaauts)
 A = Elapsed time spent in this place.
 B = Non-inter-level travel time spent in this place.
 C = Inter-level travel time spent in this place.
 D = Time resting spent in this place.
 E = Time spent auto-exploring this place.
 F = Levels seen in this place.
 G = Mean time per level.
                   A        B        C        D        E       F      G
               +--------+--------+--------+--------+--------+-----+--------+
         Total |   1496 |   1415 |     81 |    312 |    712 |   2 |  748.0 |
       Dungeon |   1496 |   1415 |     81 |    312 |    712 |   2 |  748.0 |
               +--------+--------+--------+--------+--------+-----+--------+

Top non-repeatable levels by time:
     D:1: 1263 daAuts
     D:2: 233 daAuts
